 Dungeon Crawl Stone Soup version 0.27-a0-1191-g601b473118 (console) character file.

Game seed: 16980298421489351779

431 jejorda2 the Spear-Bearer (level 7, 0/56 HPs)
             Began as a Merfolk Berserker on May 24, 2021.
             Was a Priest of Trog.
             Slain by a wraith (1 damage)
             ... on level 5 of the Dungeon.
             The game lasted 00:10:00 (4094 turns).

jejorda2 the Spear-Bearer (Merfolk Berserker)       Turns: 4094, Time: 00:10:00

Health: 0/56       AC: 13    Str: 19    XL:     7   Next: 0%
Magic:  7/7        EV:  6    Int:  6    God:    Trog [***...]
Gold:   106        SH:  0    Dex: 14    Spells: 6/6 levels left

rFire    . . .     SeeInvis .   a - +0 spear
rCold    . . .     Faith    .   (no shield)
rNeg     . . .     Spirit   .   f - +0 plate armour
rPois    .         Reflect  .   (no helmet)
rElec    .         Harm     .   (no cloak)
rCorr    .         Rampage  .   l - +1 pair of gloves {archery}
Will     .....                  (no boots)
Stlth    ..........             (no amulet)
HPRegen  0.18/turn              (no ring)
MPRegen  0.10/turn              (no ring)

@: on berserk cooldown, hasted and slowed
A: (nimble swimmer 2), mertail
a: Renounce Religion, Berserk, Trog's Hand


You were on level 5 of the Dungeon.
You worshipped Trog.
Trog was most pleased with you.
You visited 1 branch of the dungeon, and saw 5 of its levels.
You also visited: Sewer.

You collected 136 gold pieces.
You spent 30 gold pieces at shops.

Inventory:

Hand Weapons
 a - a +0 spear (weapon)
Missiles
 o - a throwing net
 p - 27 poisoned darts
Armour
 f - a +0 plate armour (worn)
 l - a +1 pair of gloves of archery (worn)
Jewellery
 e - a ring of flight
Wands
 n - a wand of digging (4)
Scrolls
 c - 2 scrolls of fear
 k - 4 scrolls of teleportation
Potions
 b - 3 potions of magic
 d - 2 potions of might
 g - a potion of heal wounds {unknown}
 h - a potion of cancellation {unknown}
 i - a potion of berserk rage
 m - 4 potions of curing


   Skills:
 + Level 5.0 Fighting
 * Level 8.3 Polearms
 + Level 2.9 Armour
 - Level 2.6 Dodging


You had 6 spell levels left.
You didn't know any spells.
Your spell library was empty.

Dungeon Overview and Level Annotations

Branches:
Dungeon (5/15)              Sewer (visited)
 Temple: D:4-7

Altars:

Shops:
D:1 =   D:2 ?


Innate Abilities, Weirdness & Mutations

((You are quick and stealthy near water. (Stealth+, EV+, Speed+++)))
Your lower body shifts to a powerful aquatic tail in water.


Message History

The wraith is almost destroyed.
The wraith hits you.
You hit the wraith but do no damage.
The wraith is almost destroyed.
The wraith hits you but does no damage.
You closely miss the wraith.
The wraith is almost destroyed.
The wraith hits you!
* * * LOW HITPOINT WARNING * * *
You hit the wraith but do no damage.
The wraith is almost destroyed.
The wraith barely misses you.
Your plate armour prevents you from hitting the wraith.
The wraith is almost destroyed.
The wraith barely misses you.
You closely miss the wraith.
The wraith is almost destroyed.
The wraith completely misses you.
You closely miss the wraith.
The wraith is almost destroyed.
The wraith hits you!
* * * LOW HITPOINT WARNING * * *
The wraith drains your vigour!
You feel as though you will be slow longer.
You hit the wraith but do no damage.
The wraith is almost destroyed.
The wraith hits you.
* * * LOW HITPOINT WARNING * * *
The wraith drains your vigour!
You feel as though you will be slow longer.
Okay, then.
Unknown command.
It was a potion of berserk rage.
You're still recovering from your berserk rage.
The wraith hits you but does no damage.
Okay, then.
Unknown command.
It was a potion of haste.
You feel yourself speed up. The wraith hits you but does no damage.
The wraith hits you.
You die...

.....................
.................#
........<......#
#...........h.##
##.....#.....##
##########†## #..#
##.##### #.@W..#
#####..# #.# .# . #W
.# .


You could see a wraith.

Vanquished Creatures
  3 hounds
  An orc priest (D:4)
  A jelly (D:2)
  An iguana (D:5)
  A hound zombie (D:5)
  A hound skeleton (D:4)
  8 adders
  4 gnolls (D:4)
  4 worms
  A dart slug (D:1)
  5 orcs
  5 endoplasms
  2 giant cockroaches (D:4)
  6 goblins
  7 hobgoblins
  20 jackals
  2 quokkas
  8 ball pythons
  7 bats
  3 frilled lizards (Sewer)
  12 kobolds
  3 rats
105 creatures vanquished.

Vanquished Creatures (others)
  7 plants (Sewer)
7 creatures vanquished.

Grand Total: 112 creatures vanquished

Notes
Turn   | Place    | Note
-------+----------+-------------------------------------------
     0 | D:1      | jejorda2 the Merfolk Berserker began the quest for the Orb.
     0 | D:1      | Reached XP level 1. HP: 18/18 MP: 1/1
   191 | D:1      | Reached XP level 2. HP: 17/24 MP: 2/2
   526 | D:1      | Reached skill level 5 in Polearms
   784 | D:1      | Reached ** piety under Trog
   868 | D:1      | Found Ulaget's Jewellery Shop.
   974 | D:1      | Reached XP level 3. HP: 26/29 MP: 3/3
  1499 | D:2      | Reached skill level 6 in Polearms
  1499 | D:2      | Reached XP level 4. HP: 37/37 MP: 4/4
  1546 | D:2      | Found Cutsepne's Magic Scroll Boutique.
  1588 | D:2      | Bought a scroll of teleportation for 30 gold pieces
  2360 | D:4      | Reached XP level 5. HP: 27/42 MP: 5/5
  2474 | D:4      | Found a glowing drain.
  2478 | Sewer    | Entered a sewer
  2512 | Sewer    | Reached skill level 7 in Polearms
  2947 | Sewer    | Reached XP level 6. HP: 49/49 MP: 6/6
  3221 | D:4      | Reached *** piety under Trog
  3582 | D:4      | Reached skill level 8 in Polearms
  3835 | D:5      | Entered Level 5 of the Dungeon
  3848 | D:5      | Reached skill level 5 in Fighting
  4038 | D:5      | Reached XP level 7. HP: 53/56 MP: 7/7
  4058 | D:5      | Noticed a wraith
  4091 | D:5      | HP: 2/56 [wraith (11)]
  4094 | D:5      | Slain by a wraith

Illustrated notes

Levels and vault maps discovered:
D:1:      psy_arrival_radial02, layout_basic, serial_shops, nicolae_shop_trees,
          hangedman_decor_clover_reticule, minmay_misc_feat_more_columns,
          minmay_3d_cube
D:2:      layout_rooms, serial_shops, shop, minmay_door_square,
          ebering_dispersal_statue_hall
D:3:      minmay_angry_zag, layout_rooms
D:4:      layout_loops_ring, gup_sewer_entry_bowl, minmay_liquid_box
D:5:      layout_rooms, lemuel_tele_altar

Skill      XL: |  1  2  3  4  5  6 |
---------------+-------------------+-----
Polearms       | 5 6 7 8 |  8.3
Armour         | 2 |  2.9
Fighting       | 4 5 |  5.0
Dodging        | |  2.6

Action                   |  1- 3 |  4- 6 |  7- 9 || total
-------------------------+-------+-------+-------++-------
Melee: Spear             |   113 |   373 |    27 ||   513
       Tailslap          |       |     3 |       ||     3
Invok: Berserk           |     1 |     1 |     1 ||     3
       Trog's Hand       |       |     2 |       ||     2
  Use: Scroll            |       |     7 |       ||     7
       Potion            |       |       |     2 ||     2
 Stab: Sleeping          |     1 |       |       ||     1
Armor: Animal skin       |     4 |       |       ||     4
       Ring mail         |     6 |       |       ||     6
       Chain mail        |    20 |       |       ||    20
       Plate armour      |       |   148 |     8 ||   156
Dodge: Dodged            |    46 |    79 |     5 ||   130

Table legend: (Time is in decaauts)
 A = Elapsed time spent in this place.
 B = Non-inter-level travel time spent in this place.
 C = Inter-level travel time spent in this place.
 D = Time resting spent in this place.
 E = Time spent auto-exploring this place.
 F = Levels seen in this place.
 G = Mean time per level.
                   A        B        C        D        E       F      G
               +--------+--------+--------+--------+--------+-----+--------+
         Total |   3862 |   3791 |     71 |     82 |   2907 |   6 |  643.7 |
       Dungeon |   3441 |   3370 |     71 |     82 |   2658 |   5 |  688.2 |
         Sewer |    421 |    421 |      0 |      0 |    248 |   1 |  421.0 |
               +--------+--------+--------+--------+--------+-----+--------+

Top non-repeatable levels by time:
     D:1: 1139 daAuts
     D:4: 891 daAuts
     D:3: 594 daAuts
     D:2: 576 daAuts
   Sewer: 421 daAuts
     D:5: 239 daAuts
